[Event "Titled Tuesday Blitz May 2 Early 2023"]
[White "Karthik Rajaa"]
[Black "Vlassov, Nikolai"]
[WhiteFideId "25035215"]
[BlackFideId "4103360"]
[WhiteElo "2215"]
[BlackElo "2324"]
[Result "1/2-1/2"]
[Round "10"]
[TimeControl "180+2"]
[Date "2023.05.03"]
[WhiteClock "0:00:00"]
[BlackClock "0:00:00"]

1. Nf3 c5 2. c4 g6 3. Nc3 Bg7 4. e3 Nf6 5. b3 d5 6. cxd5 Nxd5 7. Bb2 O-O 8. Be2 Nc6 9. O-O b6 10. d4 cxd4 11. Nxd5 Qxd5 12. Nxd4 Bb7 13. Bf3 Qd7 14. Nxc6 Bxc6 15. Qxd7 Bxd7 16. Bxg7 Kxg7 17. Bxa8 Rxa8 18. Rac1 Be6 19. Rc7 a5 20. Rxe7 a4 21. Rb7 axb3 22. axb3 Ra6 23. b4 Bc4 24. b5 Ra5 25. Rc1 Rxb5 26. h3 Bd5 27. Ra7 Rb2 28. Rcc7 b5 29. Rd7 Bc4 30. Rab7 h5 31. Rdc7 Re2 32. h4 Re1+ 33. Kh2 Re2 34. Kg3 Kf6 35. Kf3 Rd2 36. Rb6+ Kg7 37. Kg3 Re2 38. Rc5 Rd2 39. e4 Rd3+ 40. f3 Rd2 41. Rcxb5 Bxb5 42. Rxb5 Rc2 43. Rd5 Rb2 44. Rd1 Ra2 45. Rf1 Rb2 46. Rf2 Rb3 47. Kf4 Rb4 48. Rd2 Ra4 49. Rd7 Rb4 50. g4 hxg4 51. Kxg4 Ra4 52. h5 gxh5+ 53. Kxh5 Kf6 54. Kg4 Ke6 55. Rb7 Ra1 56. Kf4 Ra6 57. Rb5 Kf6 58. Rf5+ Ke6 59. Rh5 f6 60. Rh7 Ra5 61. Rb7 Rc5 62. Rb4 Ra5 63. Kg4 Rc5 64. f4 Ra5 65. Rb7 Ra4 66. f5+ Kd6 67. Kf4 Ra1 68. Rb6+ Ke7 69. Re6+ Kf7 70. Rc6 Rf1+ 71. Ke3 Re1+ 72. Kf3 Rf1+ 73. Ke2 Ra1 74. Rc7+ Ke8 75. Kd3 Ra4 76. Rc4 Ra5 77. Kd4 Kd7 78. Rc5 Ra4+ 79. Kd5 Ra1 80. Rc4 Rd1+ 81. Rd4 Rc1 82. Rd3 Rc2 83. Kd4 Ke7 84. Rc3 Rd2+ 85. Ke3 Rd1 86. Rc7+ Ke8 87. Kf4 Rf1+ 88. Kg4 Rg1+ 89. Kh5 Kf8 90. Kh6 Rg2 91. Rd7 Rg4 92. Kh5 Rxe4 93. Kg6 Ra4 94. Rd8+ Ke7 95. Rd3 Rg4+ 96. Kh5 Rg5+ 97. Kh4 Rxf5 98. Kg4 Rf1 99. Re3+ Kf7 100. Kg3 f5 101. Kg2 Rf4 102. Rf3 Rg4+ 103. Kf2 Ke6 104. Ra3 Ke5 105. Ra5+ Kf4 106. Ra4+ Kg5 107. Ra8 Rb4 108. Kf3 Rb3+ 109. Kf2 Kg4 110. Rg8+ Kf4 111. Rc8 Rb2+ 112. Kf1 Kg4 113. Rc3 f4 114. Kg1 Re2 115. Kf1 Rd2 116. Kg1 Ra2 117. Kf1 Ra1+ 118. Kf2 Ra2+ 119. Kf1 Rd2 120. Kg1 Re2 121. Kf1 Re3 122. Rxe3 fxe3 123. Ke2 Kf4 124. Ke1 Ke4 125. Ke2 Kd4 126. Ke1 Kc3 127. Ke2 Kd4 128. Ke1 Kd3 129. Kd1 e2+ 130. Ke1 Ke3 1/2-1/2


[Site "https://www.chess.com"]

[Event "Titled Tuesday Blitz May 2 Early 2023"]
[White "Mrudul Dehankar"]
[Black "Hua, Lefong"]
[WhiteFideId "25096990"]
[BlackFideId "2602253"]
[WhiteElo "2139"]
[BlackElo "2305"]
[Result "0-1"]
[Round "10"]
[TimeControl "180+2"]
[Date "2023.05.03"]
[WhiteClock "0:00:00"]
[BlackClock "0:00:00"]

1. e4 c5 2. Nf3 g6 3. d4 cxd4 4. Nxd4 Bg7 5. Nc3 Nc6 6. Be3 Nf6 7. Bc4 Qa5 8. O-O O-O 9. Bb3 d6 10. h3 Bd7 11. f4 Nxd4 12. Bxd4 Bc6 13. Qd3 Nd7 14. Bxg7 Kxg7 15. Rad1 Nf6 16. Qd4 Rad8 17. Nd5 Bxd5 18. exd5 Rc8 19. Rfe1 Rfe8 20. Kh2 Qc5 21. Qd2 b5 22. Re2 Rc7 23. Rde1 Kf8 24. f5 Kg7 25. Rf1 Rf8 26. Rfe1 Re8 27. Rf1 Nd7 28. Qg5 f6 29. Qg3 Ne5 30. c3 g5 31. Rd1 a5 32. Bc2 Qc4 33. Re4 Qc5 34. Rdd4 b4 35. c4 Rec8 36. h4 h6 37. Qh3 Rh8 38. b3 Qa7 39. Qg3 Qb8 40. Qe1 Qe8 41. Qe2 Qf7 42. Bd1 Rc5 43. Qd2 Kf8 44. Be2 Qe8 45. Qd1 Qb8 46. Bf1 Ke8 47. Qh5+ Kd8 48. Be2 Kc7 49. Bd1 Qe8 50. Qxe8 Rxe8 51. h5 Kb6 52. g4 Ra8 53. Kg2 Rac8 54. Kf2 a4 55. Ke2 axb3 56. Bxb3 Ra8 57. Kd2 Rca5 58. Kc1 Rxa2 59. Bxa2 Rxa2 60. Kb1 Rg2 61. Rd1 Kc5 62. Rc1 Rxg4 63. Rc2 Rxe4 0-1


[Site "https://www.chess.com"]

[Event "Titled Tuesday Blitz May 2 Early 2023"]
[White "Perez Gormaz, Matias"]
[Black "Manukyan, Artyom"]
[WhiteFideId "3406342"]
[BlackFideId "13305786"]
[WhiteElo "2362"]
[BlackElo "2078"]
[Result "0-1"]
[Round "10"]
[TimeControl "180+2"]
[Date "2023.05.03"]
[WhiteClock "0:00:00"]
[BlackClock "0:00:00"]

1. e4 c5 2. Nf3 d6 3. Bc4 Nf6 4. d3 e6 5. O-O Be7 6. c3 O-O 7. Bb3 a6 8. Re1 Nc6 9. Nbd2 b5 10. Nf1 Bb7 11. Ng3 Ne5 12. Bc2 Qc7 13. Nd2 c4 14. d4 Ng6 15. Nf3 a5 16. h4 h6 17. h5 Nh8 18. Bf4 Rad8 19. Qc1 Qd7 20. Nh2 Nh7 21. Nf3 Nf6 22. a3 Rfe8 23. Qd2 Nh7 24. Rad1 Bf8 25. Bb1 Bc6 26. Qc2 g6 27. hxg6 Nxg6 28. Be3 b4 29. Qc1 Ba4 30. Bxh6 Bxd1 31. Rxd1 bxc3 32. bxc3 Bxh6 33. Qxh6 Qe7 34. Re1 Qf8 35. Qc1 Rb8 36. Nd2 Qh6 37. Nxc4 Qxc1 38. Rxc1 d5 39. exd5 exd5 40. Nxa5 Rec8 41. Nf5 Rc7 42. Ba2 Rb5 43. Nb3 Nf4 44. Kf1 Nd3 45. Rc2 Ra7 46. Ke2 Nf4+ 47. Kf3 Ne6 48. Ne3 Rxa3 49. Nd2 Nhg5+ 50. Kg3 Rba5 51. Bxd5 Nxd4 52. cxd4 Rxd5 53. Kf4 Rda5 54. Rc8+ Kg7 55. Ndc4 Ne6+ 56. Kg3 Ra8 57. Rxa8 Rxa8 58. d5 Nc5 59. Nf5+ Kf6 60. Nfd6 Ra4 61. f3 Ke7 62. Nf5+ Kf6 63. Nfe3 Ra2 64. Kf4 Nd3+ 65. Ke4 Ne1 66. g4 Ra4 67. Kd4 Nxf3+ 68. Kc5 Ne5 69. Nb6 Ra3 70. Nf5 Rc3+ 71. Kd4 Rb3 72. Nc4 Rb4 73. Ne3 Nxc4 74. Nxc4 Ke7 75. Kc5 Rb1 76. Ne5 f6 77. Nc6+ Kd7 78. Nd4 Rg1 79. Ne6 Rxg4 80. Nf8+ Ke7 81. Ne6 Rg1 82. Nd4 Kd7 83. Ne6 Rc1+ 84. Kd4 Rd1+ 85. Ke4 Kd6 86. Nf4 Re1+ 87. Kf5 Ke7 88. Ng6+ Kf7 89. d6 Rd1 90. Nf4 Rxd6 91. Nh5 Ra6 92. Ng3 Ra5+ 93. Kf4 Kg6 94. Ne4 Ra4 95. Kf3 Rxe4 96. Kxe4 Kg5 97. Ke3 Kg4 98. Ke2 Kg3 99. Kf1 Kf3 100. Kg1 f5 101. Kf1 f4 102. Kg1 Ke2 103. Kh1 f3 0-1


[Site "https://www.chess.com"]

[Event "Titled Tuesday Blitz May 2 Early 2023"]
[White "Filgueira, Hernan"]
[Black "Avazkhonov, Alikhon"]
[WhiteFideId "101770"]
[BlackFideId "14208504"]
[WhiteElo "2363"]
[BlackElo "1739"]
[Result "0-1"]
[Round "10"]
[TimeControl "180+2"]
[Date "2023.05.03"]
[WhiteClock "0:00:00"]
[BlackClock "0:00:00"]

1. c4 e5 2. Nc3 d6 3. Nf3 f5 4. d4 e4 5. Ng5 Nf6 6. g3 h6 7. Nh3 Be7 8. Bg2 O-O 9. O-O Be6 10. b3 Bf7 11. f3 d5 12. c5 c6 13. Rb1 Nbd7 14. b4 a5 15. b5 Re8 16. bxc6 bxc6 17. Qa4 Qc8 18. Nf2 Nf8 19. Rb6 Ra6 20. Rb3 Ne6 21. Bh3 Ng5 22. Bg2 Ne6 23. Bd2 Bxc5 24. dxc5 Nxc5 25. Qa3 Nxb3 26. axb3 e3 27. Be1 exf2+ 28. Bxf2 c5 29. Bxc5 Rc6 30. Na4 Rxe2 31. Rd1 Rc2 32. Be3 Qe6 33. Bf2 Qe2 34. Rf1 d4 35. Qe7 Qxe7 36. Bxd4 Qe2 37. Bf2 Bxb3 0-1


[Site "https://www.chess.com"]

[Event "Titled Tuesday Blitz May 2 Early 2023"]
[White "Gutkin, Ilya"]
[Black "Borgaonkar Akshay"]
[WhiteFideId "16203470"]
[BlackFideId "25639110"]
[WhiteElo "2265"]
[BlackElo "2063"]
[Result "1-0"]
[Round "10"]
[TimeControl "180+2"]
[Date "2023.05.03"]
[WhiteClock "0:00:00"]
[BlackClock "0:00:00"]

1. Nf3 Nf6 2. g3 g6 3. b3 Bg7 4. Bb2 b6 5. Bg2 Bb7 6. c4 O-O 7. O-O c5 8. d4 cxd4 9. Qxd4 Nc6 10. Qf4 Re8 11. Nc3 d6 12. Rfd1 Qc8 13. Rac1 Ng4 14. h3 Nge5 15. Qd2 Nxf3+ 16. exf3 Ne5 17. Qe2 Nc6 18. Nd5 Bxb2 19. Qxb2 Ne5 20. f4 Nd7 21. Re1 Bxd5 22. Bxd5 Rb8 23. f5 Nf6 24. fxg6 hxg6 25. Rxe7 Nxd5 26. Rxe8+ Qxe8 27. cxd5 Qe4 28. Qd2 Re8 29. Rc4 Qb1+ 30. Kg2 Re1 31. Rc8+ Kh7 32. Qd4 Rg1+ 33. Kh2 Rh1+ 34. Kg2 Qf1+ 35. Kf3 Qd1+ 36. Qxd1 Rxd1 37. Rc7 Kg7 38. Rxa7 Rxd5 39. h4 Rd2 40. Rb7 Rxa2 41. Rxb6 Rb2 42. Ke3 Kf8 43. Rb7 Kg7 44. b4 Kf6 45. b5 Ke6 46. b6 f5 47. Rb8 Rb4 48. b7 Kd7 49. Rg8 Rxb7 50. Rxg6 Rb4 51. Rf6 Rb5 52. Kf4 Ke7 53. Rxf5 Rb2 54. f3 Ke6 55. Ra5 Rb1 56. h5 Kf6 57. g4 Rb4+ 58. Kg3 Rb3 59. Ra6 Ke5 60. h6 Rb1 61. g5 Kf5 62. Ra5+ Kg6 63. f4 Rg1+ 64. Kf3 Re1 65. Rd5 Rf1+ 66. Ke3 Re1+ 67. Kf2 Re4 68. Rxd6+ Kf5 69. Rf6+ Kg4 70. h7 Re8 71. g6 Rb8 72. g7 Kh5 73. g8=Q Rb2+ 74. Ke3 Rb3+ 75. Qxb3 Kg4 76. Qe6+ Kg3 77. Rg6+ Kh4 78. h8=Q# 1-0


[Site "https://www.chess.com"]

[Event "Titled Tuesday Blitz May 2 Early 2023"]
[White "Arkell, Keith C"]
[Black "Djordjevic, Vuk"]
[WhiteFideId "400270"]
[BlackFideId "902098"]
[WhiteElo "2319"]
[BlackElo "2452"]
[Result "0-1"]
[Round "10"]
[TimeControl "180+2"]
[Date "2023.05.03"]
[WhiteClock "0:00:00"]
[BlackClock "0:00:00"]

1. d4 Nf6 2. Nf3 e6 3. c4 b6 4. g3 Ba6 5. b3 Bb4+ 6. Bd2 Be7 7. Bc3 d5 8. Bg2 c6 9. Nbd2 Nbd7 10. O-O O-O 11. Re1 Rc8 12. e4 dxe4 13. Nxe4 Nxe4 14. Rxe4 Nf6 15. Re1 Bb7 16. Ne5 Qc7 17. Qf3 Rfd8 18. Rac1 h6 19. c5 bxc5 20. dxc5 Rd5 21. b4 Bf8 22. Nc4 Rf5 23. Qe2 Ba6 24. Be5 Qd8 25. Qb2 Bxc4 26. Rxc4 Qd3 27. Rd4 Qb5 28. Rd2 a5 29. a3 axb4 30. axb4 Nd5 31. Bxd5 exd5 32. Bd6 Bxd6 33. cxd6 Rd8 34. Rde2 Rxd6 35. Re8+ Kh7 36. Qc2 d4 37. Qe4 Qd5 38. Qd3 Qf3 39. Qd2 d3 40. R1e3 Qd5 41. Ra8 Qd4 42. Ra3 Rfd5 43. Kg2 g6 44. h4 Qc4 45. Ra7 Rd4 46. Rf3 Rd7 47. Rxd7 Rxd7 48. Rf4 Qd5+ 49. Kg1 Ra7 50. Kh2 Ra1 51. f3 Ra2 52. Rxf7+ Qxf7 0-1


[Site "https://www.chess.com"]

[Event "Titled Tuesday Blitz May 2 Early 2023"]
[White "Bayasgalan, Khishigbaatar"]
[Black "Srihari L R"]
[WhiteFideId "4904311"]
[BlackFideId "46617116"]
[WhiteElo "2057"]
[BlackElo "2334"]
[Result "1-0"]
[Round "10"]
[TimeControl "180+2"]
[Date "2023.05.03"]
[WhiteClock "0:00:00"]
[BlackClock "0:00:00"]

1. d4 d6 2. c4 e5 3. Nc3 exd4 4. Qxd4 Nc6 5. Qd2 Nf6 6. e4 g6 7. Bd3 Bg7 8. Nge2 O-O 9. O-O Ne5 10. f3 Nxd3 11. Qxd3 Nd7 12. b3 a5 13. Bb2 Nc5 14. Qc2 f5 15. Ng3 fxe4 16. Ncxe4 Bxb2 17. Qxb2 Nxe4 18. Nxe4 Bf5 19. Rfe1 Qe7 20. Nc3 Qg7 21. Qd2 c6 22. Re3 a4 23. Rae1 axb3 24. axb3 Qf6 25. Ne2 Rae8 26. Ng3 Rxe3 27. Qxe3 Rd8 28. Qe7 Qxe7 29. Rxe7 Bc2 30. Rxb7 d5 31. cxd5 cxd5 32. Kf2 d4 33. Ke2 Ra8 34. Ne4 Ra2 35. Nf6+ Kf8 36. Nxh7+ Kg8 37. Nf6+ Kf8 38. Rb8+ Kf7 39. Ng4 Bf5+ 40. Kf1 d3 41. Rd8 d2 42. Ne3 Be6 43. Ke2 d1=Q+ 44. Kxd1 Bxb3+ 45. Ke1 Be6 46. Rd2 Ra1+ 47. Kf2 Ra7 48. g4 Ra3 49. h4 Kf6 50. g5+ Ke7 51. Re2 Kf7 52. Kg3 Bd7 53. Ng2 Bc6 54. Re3 Ra6 55. Nf4 Ra1 56. Nd3 Rg1+ 57. Kf2 Rc1 58. Ne5+ Kg7 59. Nxc6 Rxc6 60. Re7+ Kf8 61. Ra7 Rc4 62. Kg3 Kg8 63. f4 Rc1 64. Rb7 Rg1+ 65. Kf3 Rf1+ 66. Ke4 Rh1 67. Rb6 Kg7 68. Rb7+ Kg8 69. Ke5 Rxh4 70. Rb4 Kg7 71. Ke6 Rg4 72. Rb7+ Kg8 73. Ke5 Rh4 74. Rc7 Kf8 75. Kf6 Rxf4+ 76. Kxg6 Rf1 77. Rc8+ Ke7 78. Kg7 Rg1 79. g6 Rh1 80. Rc2 Ke6 81. Re2+ Kf5 82. Kf7 Ra1 83. g7 Ra7+ 84. Kg8 Ra8+ 85. Kh7 Ra7 86. Kh8 1-0


[Site "https://www.chess.com"]

[Event "Titled Tuesday Blitz May 2 Early 2023"]
[White "Andreev, Konstantin"]
[Black "Preotu, Razvan"]
[WhiteFideId "24239305"]
[BlackFideId "2613280"]
[WhiteElo "2106"]
[BlackElo "2407"]
[Result "0-1"]
[Round "10"]
[TimeControl "180+2"]
[Date "2023.05.03"]
[WhiteClock "0:00:00"]
[BlackClock "0:00:00"]

1. e4 c5 2. Nf3 d6 3. d4 cxd4 4. Nxd4 Nf6 5. Nc3 a6 6. h4 e5 7. Nb3 Be7 8. Bg5 Be6 9. Bxf6 Bxf6 10. g3 Be7 11. Qd3 Nd7 12. O-O-O b5 13. Kb1 O-O 14. f4 Nf6 15. f5 Bc4 16. Qf3 d5 17. Nxd5 Bxd5 18. exd5 e4 19. Qe3 Bd6 20. Be2 Re8 21. g4 Re5 22. g5 Nxd5 23. Qd4 Qe8 24. c4 Nf4 25. Qxd6 Nxe2 26. c5 Ng3 27. Rhe1 Nxf5 28. Qb6 e3 29. c6 Re6 30. Na5 e2 31. Rc1 Nxh4 32. Qb7 Rc8 33. c7 Qd7 34. Nb3 Ree8 35. a3 Qd3+ 36. Ka2 Nf3 37. Rh1 e1=Q 38. Rhxe1 Nxe1 39. Rxe1 Qd7 40. Rxe8+ Qxe8 41. Nc5 g6 42. Ne4 Qe6+ 43. b3 Kf8 44. Nf6 Qe2+ 45. Kb1 Qd1+ 46. Ka2 Qc2+ 47. Ka1 Qxc7 48. Nxh7+ Kg7 0-1


[Site "https://www.chess.com"]

[Event "Titled Tuesday Blitz May 2 Early 2023"]
[White "Liu, Xiangyi"]
[Black "Karttunen, Mika"]
[WhiteFideId "8605718"]
[BlackFideId "502081"]
[WhiteElo "2323"]
[BlackElo "2396"]
[Result "1-0"]
[Round "10"]
[TimeControl "180+2"]
[Date "2023.05.03"]
[WhiteClock "0:00:00"]
[BlackClock "0:00:00"]

1. e4 e6 2. Nf3 d5 3. e5 Bd7 4. g3 a6 5. Bg2 c5 6. O-O Nc6 7. d3 Nge7 8. h4 Nf5 9. c3 h6 10. h5 Be7 11. Nbd2 g6 12. hxg6 fxg6 13. g4 Ng7 14. Re1 h5 15. g5 Nf5 16. Nf1 h4 17. Bh3 Qc7 18. N1h2 O-O-O 19. Ng4 Kb8 20. Bf4 Ka8 21. Qd2 d4 22. c4 Bc8 23. Nf6 b6 24. Kh2 Bb7 25. Ng1 Na5 26. f3 Rc8 27. b3 Nc6 28. Bxf5 gxf5 29. Nh3 Nd8 30. Rf1 Nf7 31. Rae1 Bxf6 32. exf6 e5 33. g6 exf4 34. Re7 Qd6 35. Rxf7 Rce8 36. g7 Rhg8 37. Qxf4 Re2+ 38. Kg1 Qe6 39. Rf8+ Bc8 40. Ng5 Rxg7 41. fxg7 Qg6 42. g8=Q 1-0


[Site "https://www.chess.com"]

[Event "Titled Tuesday Blitz May 2 Early 2023"]
[White "Pujari, Rucha"]
[Black "Gritsenko, Nikolai"]
[WhiteFideId "5024528"]
[BlackFideId "14112493"]
[WhiteElo "2129"]
[BlackElo "2389"]
[Result "0-1"]
[Round "10"]
[TimeControl "180+2"]
[Date "2023.05.03"]
[WhiteClock "0:00:00"]
[BlackClock "0:00:00"]

1. d4 d5 2. c4 Nc6 3. e3 e6 4. Nf3 Nf6 5. a3 a6 6. Nc3 Bd6 7. Qc2 dxc4 8. Bxc4 O-O 9. O-O e5 10. dxe5 Nxe5 11. Nxe5 Bxe5 12. h3 Qe7 13. b4 b5 14. Bd3 Bb7 15. Bb2 c5 16. Ne2 Rac8 17. Bxe5 Qxe5 18. bxc5 Rxc5 19. Qb3 Qg5 20. Ng3 h5 21. e4 h4 22. Nf5 Rxf5 23. f4 Rxf4 0-1


[Site "https://www.chess.com"]

[Event "Titled Tuesday Blitz May 2 Early 2023"]
[White "Khamdamova, Afruza"]
[Black "Lavrik, Dmitry"]
[WhiteFideId "14210444"]
[BlackFideId "24113190"]
[WhiteElo "2210"]
[BlackElo "2345"]
[Result "0-1"]
[Round "10"]
[TimeControl "180+2"]
[Date "2023.05.03"]
[WhiteClock "0:00:00"]
[BlackClock "0:00:00"]

1. Nf3 Nf6 2. g3 g6 3. Bg2 Bg7 4. O-O O-O 5. d4 d6 6. c3 Nc6 7. Re1 Bd7 8. e4 e5 9. Bg5 h6 10. Bxf6 Qxf6 11. dxe5 Nxe5 12. Nxe5 Qxe5 13. Nd2 Bc6 14. Qe2 Rfe8 15. Rad1 a5 16. Qc4 a4 17. Nf3 Qb5 18. Qxb5 Bxb5 19. Nd4 Bc4 20. b3 axb3 21. axb3 Bxd4 22. Rxd4 Bxb3 23. Rb4 Bd5 24. e5 Bxg2 25. Kxg2 Ra3 26. Rxb7 Rxc3 27. exd6 Rxe1 28. d7 Rd1 29. Rb8+ Kg7 30. d8=Q Rxd8 31. Rxd8 g5 32. h3 c5 33. Rc8 c4 34. Rc6 h5 35. f4 h4 36. fxg5 Rxg3+ 37. Kh2 Rc3 38. Rh6 Rc2+ 39. Kh1 c3 40. Rxh4 Rd2 0-1


[Site "https://www.chess.com"]

[Event "Titled Tuesday Blitz May 2 Early 2023"]
[White "Shvedova, Alexandra"]
[Black "Florescu, Codrut-Constantin"]
[WhiteFideId "54154782"]
[BlackFideId "1202200"]
[WhiteElo "2057"]
[BlackElo "2191"]
[Result "1/2-1/2"]
[Round "10"]
[TimeControl "180+2"]
[Date "2023.05.03"]
[WhiteClock "0:00:00"]
[BlackClock "0:00:00"]

1. e4 c5 2. Ne2 e6 3. d4 cxd4 4. Nxd4 a6 5. c4 Nf6 6. Nc3 Bb4 7. Qd3 O-O 8. a3 Bxc3+ 9. bxc3 d5 10. exd5 exd5 11. Be2 dxc4 12. Qxc4 b5 13. Qa2 Bb7 14. O-O Nbd7 15. Bg5 Qc7 16. Rac1 Ne5 17. Bxf6 gxf6 18. Qd2 Kh8 19. Qf4 Qb6 20. Nf5 Rg8 21. Ng3 Rg6 22. Rfd1 Rag8 23. Bf1 Rg4 24. Qd2 Ra4 25. Qd6 Qxd6 26. Rxd6 Rxa3 27. Rxf6 Rc8 28. Re1 Ng6 29. Rxf7 Bd5 30. Rd7 Ba2 31. Nh5 Rf8 32. Rc7 Bg8 33. Rd1 Ra2 34. f3 a5 35. Rdd7 a4 36. Ra7 a3 37. Bxb5 Nh4 38. Bd3 Rxg2+ 39. Kh1 Rd2 40. Rxh7+ Bxh7 41. Rxh7+ Kg8 42. Rg7+ Kh8 43. Rh7+ Kg8 44. Rg7+ Kh8 45. Rh7+ 1/2-1/2


[Site "https://www.chess.com"]

[Event "Titled Tuesday Blitz May 2 Early 2023"]
[White "Korchmar, Vasiliy"]
[Black "Davtyan, David Arm."]
[WhiteFideId "24131750"]
[BlackFideId "13310046"]
[WhiteElo "2370"]
[BlackElo "2274"]
[Result "1-0"]
[Round "10"]
[TimeControl "180+2"]
[Date "2023.05.03"]
[WhiteClock "0:00:01"]
[BlackClock "0:00:01"]

1. e4 Nc6 2. Nf3 d5 3. exd5 Qxd5 4. Nc3 Qa5 5. d4 Bg4 6. Bb5 O-O-O 7. Bxc6 bxc6 8. Qe2 Qh5 9. Qa6+ Kb8 10. Ne5 Bd7 11. Be3 Nf6 12. d5 c5 13. Nc6+ Bxc6 14. dxc6 1-0


[Site "https://www.chess.com"]

[Event "Titled Tuesday Blitz May 2 Early 2023"]
[White "Srebrnic, Marko"]
[Black "Dronavalli, Harika"]
[WhiteFideId "14603616"]
[BlackFideId "5015197"]
[WhiteElo "2341"]
[BlackElo "2432"]
[Result "1/2-1/2"]
[Round "10"]
[TimeControl "180+2"]
[Date "2023.05.03"]
[WhiteClock "0:00:00"]
[BlackClock "0:00:00"]

1. e4 Nc6 2. g3 e5 3. Bg2 Bc5 4. Ne2 d6 5. O-O h5 6. c3 h4 7. d4 Bb6 8. Na3 hxg3 9. fxg3 Bg4 10. Be3 Qd7 11. Nc4 Bh3 12. Nxb6 axb6 13. Rf2 Nf6 14. dxe5 Nxe5 15. Nf4 Bxg2 16. Rxg2 Qg4 17. Qxg4 Nfxg4 18. Bd4 Nf3+ 19. Kf1 c5 20. Bxg7 Rh7 21. Ke2 Nfxh2 22. Nd5 O-O-O 23. Bf6 Re8 24. Rh1 Rh5 25. Nf4 Rf5 26. Kd3 Rxf6 27. Rgxh2 Nxh2 28. Rxh2 Rg8 29. Rh3 b5 30. Ke3 Re8 31. Kf3 Kd7 32. Rh7 Kc6 33. g4 Re5 34. Rg7 d5 35. exd5+ Rxd5 36. Ke4 Rd2 37. g5 Rfd6 38. Rxf7 Rxb2 39. g6 Rb1 40. g7 Rg1 41. Kf5 Rd5+ 42. Nxd5 Kxd5 43. Rxb7 Kc4 44. Rc7 Kxc3 45. Rxc5+ Kb4 46. Rc7 Ka3 47. Ra7+ Kb2 48. Kf6 b4 49. Kf7 Rf1+ 50. Kg8 Rg1 51. Rf7 Kxa2 52. Kf8 b3 53. Ra7+ Kb1 54. g8=Q Rxg8+ 55. Kxg8 b2 56. Rc7 Ka2 57. Ra7+ Kb3 58. Rb7+ Kc2 59. Rxb2+ Kxb2 1/2-1/2


[Site "https://www.chess.com"]

[Event "Titled Tuesday Blitz May 2 Early 2023"]
[White "Ljukin, Sergei"]
[Black "Souleidis, Georgios"]
[WhiteFideId "14102200"]
[BlackFideId "4206827"]
[WhiteElo "2312"]
[BlackElo "2401"]
[Result "0-1"]
[Round "10"]
[TimeControl "180+2"]
[Date "2023.05.03"]
[WhiteClock "0:00:00"]
[BlackClock "0:00:00"]

1. e4 c5 2. Nf3 e6 3. d4 cxd4 4. Nxd4 Nf6 5. Nc3 Nc6 6. Nxc6 bxc6 7. e5 Nd5 8. Ne4 Qc7 9. f4 Qb6 10. c4 Ne3 11. Qd3 Bb4+ 12. Ke2 Nxc4 13. Kf3 Ba6 14. Qb3 Na5 15. Qa4 Bxf1 16. Rxf1 O-O 17. Be3 Qb5 18. Qxb5 cxb5 19. Rfd1 f5 20. exf6 d5 21. Ng5 Rxf6 22. Bd4 Rg6 23. h4 Nc6 24. Rac1 Nxd4+ 25. Rxd4 h6 26. Rxb4 hxg5 27. hxg5 Rf8 28. Kg4 a6 29. g3 e5 30. f5 Rd6 31. g6 d4 32. Re1 d3 33. Rbe4 d2 34. Rd1 Re8 35. Re2 Rd4+ 36. Kg5 Red8 37. Rxe5 Kf8 38. Re2 b4 39. Rh1 Kg8 40. Rd1 Kf8 41. g4 a5 42. b3 R8d7 43. Kh5 Rd8 44. Kh4 Rd3 0-1


[Site "https://www.chess.com"]

[Event "Titled Tuesday Blitz May 2 Early 2023"]
[White "Orlov, Georgi"]
[Black "Womacka, Mathias"]
[WhiteFideId "2011271"]
[BlackFideId "4611390"]
[WhiteElo "2453"]
[BlackElo "2377"]
[Result "1/2-1/2"]
[Round "10"]
[TimeControl "180+2"]
[Date "2023.05.03"]
[WhiteClock "0:00:00"]
[BlackClock "0:00:00"]

1. d4 Nf6 2. Nf3 e6 3. c4 Bb4+ 4. Bd2 Qe7 5. Nc3 b6 6. Qc2 Bb7 7. O-O-O O-O 8. Rg1 c5 9. dxc5 Bxc5 10. e3 d5 11. Kb1 Nbd7 12. cxd5 Nxd5 13. Nxd5 Bxd5 14. Bc4 Nf6 15. Bxd5 Nxd5 16. e4 Nb4 17. Bxb4 Bxb4 18. Ne5 Rac8 19. Qb3 Bc5 20. Rd2 Rfd8 21. Rxd8+ Qxd8 22. Rd1 Qf6 23. Ng4 Qf4 24. Qf3 Qxf3 25. gxf3 h5 26. Ne3 Rc7 27. a3 g6 28. Rd2 Kg7 29. Nc2 Kf6 30. b4 Bf8 31. Rd8 Bh6 32. Kb2 Ke5 33. Rd3 Bf4 34. h3 Bh2 35. Nd4 Bg1 36. Nb5 Re7 37. Rd2 Kf4 38. Nd4 Bh2 39. Rd3 Rc7 40. Ne2+ Ke5 41. Rc3 Rxc3 42. Kxc3 b5 43. Kd3 g5 44. Ke3 Bf4+ 45. Nxf4 gxf4+ 46. Kd3 f6 47. h4 Kd6 48. Kd4 e5+ 49. Kd3 a6 50. Kc3 Kc6 51. Kd3 Kd6 52. Kc3 Kc6 53. Kd3 Kd6 1/2-1/2


[Site "https://www.chess.com"]

[Event "Titled Tuesday Blitz May 2 Early 2023"]
[White "Garakov, Mikhael"]
[Black "Berezin, Viktor"]
[WhiteFideId "4169034"]
[BlackFideId "14107872"]
[WhiteElo "2347"]
[BlackElo "2310"]
[Result "1-0"]
[Round "10"]
[TimeControl "180+2"]
[Date "2023.05.03"]
[WhiteClock "0:00:00"]
[BlackClock "0:00:00"]

1. e4 g6 2. d4 Bg7 3. Nc3 d6 4. f4 Nf6 5. Nf3 O-O 6. Bd3 Na6 7. Bxa6 bxa6 8. O-O Bb7 9. Qe1 c5 10. dxc5 d5 11. e5 Ne4 12. Be3 Rc8 13. b4 a5 14. a3 Ba6 15. Rf2 Nxf2 16. Qxf2 Bc4 17. b5 e6 18. c6 a4 19. Bc5 Re8 20. Qd4 a6 21. bxa6 Rxc6 22. a7 Bf8 23. Bxf8 Rxf8 24. Rb1 Qa5 25. Rb8 Ra6 26. Nb5 Bxb5 27. Qc5 Be8 28. Qxa5 Rxa5 29. a8=Q Rxa8 30. Rxa8 Bb5 31. Rxf8+ Kxf8 32. Kf2 Ke7 33. Ke3 Kd7 34. Kd4 Bf1 35. g3 Kc6 36. Ng5 Kd7 37. Nxh7 Ke7 38. Ng5 Bc4 39. Kc5 Ba2 40. Kb4 d4 41. Nf3 f6 42. Nxd4 fxe5 43. fxe5 1-0


[Site "https://www.chess.com"]

[Event "Titled Tuesday Blitz May 2 Early 2023"]
[White "Jovic, Stanoje"]
[Black "Todorovic, Bojan"]
[WhiteFideId "905020"]
[BlackFideId "917087"]
[WhiteElo "2236"]
[BlackElo "2266"]
[Result "1-0"]
[Round "10"]
[TimeControl "180+2"]
[Date "2023.05.03"]
[WhiteClock "0:00:00"]
[BlackClock "0:00:00"]

1. c4 g6 2. g3 Bg7 3. Bg2 c6 4. Nc3 Nf6 5. Nf3 O-O 6. O-O d6 7. d3 a6 8. Rb1 b5 9. b4 Nbd7 10. Nd4 c5 11. Nc6 Qe8 12. Nxe7+ Qxe7 13. Bxa8 cxb4 14. Nd5 Qd8 15. Rxb4 bxc4 16. dxc4 a5 17. Rb1 Ba6 18. Nxf6+ Nxf6 19. Bd5 Nxd5 20. Qxd5 Re8 21. Be3 Qc7 22. Rfc1 Bc8 23. Rb6 Rxe3 24. Rc6 Qd8 25. Rxc8 Qxc8 26. fxe3 Qg4 27. Qa8+ Bf8 28. Qf3 Qe6 29. e4 h5 30. h4 Bg7 31. Kg2 Bd4 32. Qd3 Bc5 33. Rb1 Qe5 34. e3 g5 35. Qd5 1-0


[Site "https://www.chess.com"]

[Event "Titled Tuesday Blitz May 2 Early 2023"]
[White "Dwilewicz, Katarzyna"]
[Black "Vitenberg, Noam Aviv"]
[WhiteFideId "1148486"]
[BlackFideId "1532138"]
[WhiteElo "2065"]
[BlackElo "2236"]
[Result "0-1"]
[Round "10"]
[TimeControl "180+2"]
[Date "2023.05.03"]
[WhiteClock "0:00:00"]
[BlackClock "0:00:00"]

1. e4 Nh6 2. d4 g6 3. Nc3 Bg7 4. Be3 d6 5. f3 e5 6. dxe5 dxe5 7. Qxd8+ Kxd8 8. O-O-O+ Nd7 9. Bc4 c6 10. Nge2 Kc7 11. a4 Nb6 12. Bb3 Be6 13. a5 Nc4 14. Bxc4 Bxc4 15. b3 Be6 16. Kb2 f5 17. Bc5 Nf7 18. Rhe1 b6 19. Be3 Bf8 20. Ra1 b5 21. Nc1 Bb4 22. Nd3 Bd6 23. Nc5 Bc8 24. b4 Nd8 25. Rad1 Ne6 26. exf5 gxf5 27. Bf2 Rg8 28. g3 Ng5 29. Rd3 Nh3 30. Be3 f4 31. gxf4 exf4 32. Bc1 Bf5 33. Ne6+ Bxe6 34. Rxe6 Bxb4 35. Rd4 Bxa5 36. Bxf4+ Nxf4 37. Rxf4 Raf8 38. Rh4 Rg7 39. Reh6 Rxf3 40. Nb1 Rff7 41. R4h5 Bb4 42. c3 Bd6 43. Kb3 a5 44. Re6 a4+ 45. Ka2 Rf2+ 46. Ka1 Rxh2 47. Rxh2 Bxh2 48. Nd2 Bd6 49. Ne4 Be7 50. Rh6 a3 51. Ka2 Rf7 52. Kb3 Kb6 53. Nd2 Ka5 54. Nb1 c5 55. Nxa3 c4+ 56. Ka2 Rf2+ 57. Kb1 Bxa3 58. Rxh7 Rb2+ 59. Ka1 Ka4 60. Ra7+ Kb3 61. Rxa3+ Kc2 62. Ra5 Rb3 63. Ka2 Kxc3 64. Ra8 Kb4 65. Rh8 Rd3 66. Rh4 Rd2+ 67. Kb1 Kb3 68. Rh3+ c3 69. Kc1 Rg2 70. Rh1 Ra2 71. Kb1 c2+ 72. Kc1 Ra1+ 0-1


[Site "https://www.chess.com"]